 Dungeon Crawl Stone Soup version 0.29.1-15-g9cfb28693d (webtiles) character file.

Game seed: 14704685700302527264

654339 protoss039 the Eclecticist (level 27, -2/207 (218) HPs)
             Began as a Demonspawn Earth Elementalist on Mar 16, 2023.
             Was the Champion of Vehumet.
             Splashed by an acid blob's acid (5 damage)
             ... created by the Royal Jelly
             ... on level 5 of the Pits of Slime.
             The game lasted 05:18:37 (83490 turns).

protoss039 the Eclecticist (DsEE)                  Turns: 83490, Time: 05:18:38

HP:   -2/207 (218)  AC: 29    Str: 10    XL:     27
MP:   0/56          EV: 14    Int: 32    God:    Vehumet [******]
Gold: 6210          SH: 16    Dex: 16    Spells: 8/67 levels left

rFire   + . .      SeeInvis +   b - +9 demon blade (drain)
rCold   + + +      Faith    .   C - +3 buckler {rC+ rF+}
rNeg    + + +      Spirit   .   d - quicksilver dragon scales
rPois   ∞          Reflect  +   B - +2 helmet of Gyneo {Contam rC+ rN+}
rElec   .          Harm     .   t - +2 cloak {Will+}
rCorr   +          Rampage  .   (gloves unavailable)
Will    +++++                   e - +3 pair of mountain boots {steadfast, rC+}
Stlth   ++++......              g - amulet "Etaag" {Reflect +Inv Fly Regen+ Str-5 SH+5}
HPRegen 6.24/turn               M - ring of Lyakarud {Will+ Str+4 SInv}
MPRegen 0.35/turn               U - ring of Symmetry {Wiz Fly MP+9 Str+4}

@: lich-form, corroded, flying, very slightly contaminated, drained
A: draining attack, torment immunity, no potions, claws 3, yellow scales 3,
powered by death 3, demonic magic 3, corrupting presence 2, word of chaos,
clever 1, passive freeze, MP-powered wands
}: 4/15 runes: decaying, silver, abyssal, gossamer
a: Word of Chaos, End Transformation, Renounce Religion, Evoke Invisibility


You were on level 5 of the Pits of Slime.
You worshipped Vehumet.
Vehumet was exalted by your worship.
You were an undead lich.
You visited 13 branches of the dungeon, and saw 59 of its levels.
You visited the Abyss 1 time.
You visited 1 bazaar.
You also visited: Sewer and Ice Cave.

You collected 11690 gold pieces.
You spent 5480 gold pieces at shops.

Inventory:

Hand Weapons
 a - the +9 rapier of the Mind {freeze, Str+4 SInv}
   (You found it on level 2 of the Depths)

   It freezes those it strikes, dealing additional cold damage.
   It can also slow down cold-blooded creatures.
   Str:       It affects your strength (+4).
   SInv:      It lets you see invisible.
 b - a +9 demon blade of draining (weapon)
Missiles
 F - 4 throwing nets
Armour
 d - quicksilver dragon scales (worn)
 e - the +3 pair of mountain boots (worn) {steadfast, rC+}
   (You acquired it on level 1 of the Crypt)

   It prevents involuntary movement, except for blinking, teleportation, or
   banishment.
   rC:        It protects you from cold.
 t - a +2 cloak of willpower (worn)
 v - the +4 pair of boots of Seskonog {rPois rF++ Str-5 SInv}
   (You found it on level 3 of the Lair of Beasts)

   Str:       It affects your strength (-5).
   rF:        It greatly protects you from fire.
   rPois:     It protects you from poison.
   SInv:      It lets you see invisible.
 B - the +2 helmet of Gyneo (worn) {Contam rC+ rN+}
   (You bought it in a shop in a bazaar)

   rC:        It protects you from cold.
   rN:        It protects you from negative energy.
   Contam:    It causes magical contamination when unequipped.
 C - a +3 buckler of resistance (worn)
 J - a +3 buckler of positive energy
Magical Staves
 c - a staff of earth
 L - a staff of air
Jewellery
 f - the amulet "Bauvomp" {Harm *Slow rPois Regen+ Int+6}
   (You took it off a necromancer on level 2 of the Crypt)

   [amulet of regeneration]

   Int:       It affects your intelligence (+6).
   rPois:     It protects you from poison.
   Regen:     It increases your rate of health regeneration.
   *Slow:     It may slow you when you take damage.
   Harm:      It increases damage dealt and taken.
 g - the amulet "Etaag" (around neck) {Reflect +Inv Fly Regen+ Str-5 SH+5}
   (You bought it in a shop on level 1 of the Depths)

   [amulet of reflection]

   It reflects blocked missile attacks.
   Str:       It affects your strength (-5).
   +Inv:      It lets you turn invisible.
   Fly:       It grants you flight.
   Regen:     It increases your rate of health regeneration.
   SH:        It affects your SH (+5).
 p - a +6 ring of intelligence
 M - the ring of Lyakarud (left claw) {Will+ Str+4 SInv}
   (You bought it in a shop on level 1 of the Depths)

   [ring of see invisible]

   Str:       It affects your strength (+4).
   SInv:      It lets you see invisible.
   Will:      It increases your willpower.
 N - a +6 ring of strength
 T - a ring of protection from cold
 U - the ring of Symmetry (right claw) {Wiz Fly MP+9 Str+4}
   (You found it on level 3 of the Elven Halls)

   [ring of wizardry]

   It improves your spell success rate.
   Str:       It affects your strength (+4).
   MP:        It affects your magic capacity (+9).
   Fly:       It grants you flight.
Wands
 G - a wand of acid (36)
 K - a wand of flame (50)
 O - a wand of mindburst (13)
 Z - a wand of roots (82)
Scrolls
 i - 11 scrolls of poison
 j - 5 scrolls of torment
 l - 6 scrolls of amnesia
 o - 8 scrolls of immolation
 q - 12 scrolls of fear
 r - 6 scrolls of butterflies
 u - 3 scrolls of magic mapping
 x - 5 scrolls of blinking
 z - 5 scrolls of teleportation
 A - 3 scrolls of summoning
Potions
 k - 7 potions of resistance
 m - 4 potions of magic
 n - 6 potions of might
 s - 12 potions of mutation
 w - 7 potions of brilliance
 D - 28 potions of curing
 H - 14 potions of heal wounds
 I - 3 potions of haste
 P - 4 potions of cancellation
 X - 6 potions of lignification
 Y - 6 potions of ambrosia
Miscellaneous
 h - a phantom mirror
 E - a condenser vane


   Skills:
 + Level 18.2 Fighting
 - Level 3.0 Throwing
 + Level 14.9 Armour
 - Level 9.0 Dodging
 - Level 9.0 Stealth
 + Level 14.9 Shields
 + Level 20.6 Spellcasting
 - Level 18.0 Conjurations
 * Level 13.8 Necromancy
 - Level 3.0 Translocations
 * Level 12.5 Transmutations
 + Level 3.9 Fire Magic
 - Level 6.0 Ice Magic
 - Level 6.0 Air Magic
 + Level 19.0 Earth Magic
 - Level 6.0 Poison Magic
 - Level 9.0 Evocations


You had 8 spell levels left.
You knew the following spells:

 Your Spells              Type           Power      Damage    Failure   Level
a - Necromutation         Tmut/Necr      54%        N/A       26%         8
b - Passwall              Tmut/Erth      78%        N/A       0%          2
c - Stone Arrow           Conj/Erth      100%       3d13      0%          3
d - Irradiate             Conj/Tmut      46%        3d27      1%          5
e - Iskenderun's Mystic   Conj/Tloc      79%        2d16      1%          4
f - Shatter               Erth           50%        3d38*     11%         9
g - Mephitic Cloud        Conj/Pois/Air  77%        N/A       1%          3
h - Freezing Cloud        Conj/Ice/Air   38%        6-21      1%          5
i - Borgnjor's Vile Clut  Necr/Erth      59%        N/A       1%          5
j - Iron Shot             Conj/Erth      50%        9d10      1%          6
k - Lehudib's Crystal Sp  Conj/Erth      50%        10d12     1%          8
l - Apportation           Tloc           100%       N/A       1%          1

Your spell library contained the following spells:

 Spells                   Type           Power      Damage    Failure   Level
 Magic Dart               Conj           100%       1d8       0%          1
 Sandblast                Erth           100%       2d20      0%          1
 Sting                    Tmut/Pois      100%       1d8       1%          1
 Summon Small Mammal      Summ           100%       N/A       1%          1
 Ensorcelled Hibernation  Hex/Ice        100%       N/A       1%          2
 Poisonous Vapours        Pois/Air       100%       N/A       1%          2
 Static Discharge         Conj/Air       83%        3-14/arc  1%          2
 Dazzling Flash           Conj/Hex       100%       N/A       1%          3
 Gell's Gravitas          Tloc           51%        N/A       1%          3
 Ignite Poison            Fire/Tmut/Pois 69%        N/A       1%          3
 Lesser Beckoning         Tloc           51%        N/A       1%          3
 Ozocubu's Armour         Ice            63%        N/A       1%          3
 Swiftness                Air            63%        N/A       1%          3
 Teleport Other           Tloc           51%        N/A       1%          3
 Airstrike                Air            31%        2d(5-21)  1%          4
 Anguish                  Hex/Necr       43%        N/A       1%          4
 Animate Armour           Summ/Erth      100%       N/A       1%          4
 Animate Dead             Necr           100%       N/A       1%          4
 Corpse Rot               Necr/Pois/Air  93%        N/A       1%          4
 Dispel Undead            Necr           100%       3d31      1%          4
 Fulminant Prism          Conj/Hex       37%        3d18      1%          4
 Leda's Liquefaction      Hex/Erth       38%        N/A       1%          4
 Olgreb's Toxic Radiance  Pois           63%        N/A       1%          4
 Petrify                  Tmut/Erth      94%        N/A       1%          4
 Sticky Flame             Conj/Fire      80%        2d9       1%          4
 Alistair's Intoxication  Tmut/Pois      50%        N/A       1%          5
 Fireball                 Conj/Fire      40%        3d16      1%          5
 Lee's Rapid Deconstruct  Erth           50%        3d25*     1%          5
 Lightning Bolt           Conj/Air       41%        1d60      1%          5
 Death Channel            Necr           55%        N/A       1%          6
 Eringya's Noxious Bog    Tmut/Pois      37%        N/A       1%          6
 Starburst                Conj/Fire      40%        6d11      1%          6
 Statue Form              Tmut/Erth      62%        N/A       1%          6
 Call Canine Familiar     Summ           32%        N/A       2%          3
 Summon Guardian Golem    Hex/Summ       32%        N/A       2%          3
 Passage of Golubria      Tloc           51%        N/A       2%          4
 Summon Ice Beast         Ice/Summ       51%        N/A       2%          4
 Summon Lightning Spire   Summ/Air       51%        N/A       2%          4
 Simulacrum               Ice/Necr       49%        N/A       2%          6
 Dragon Form              Tmut           42%        N/A       4%          7
 Spellforged Servitor     Conj/Summ      37%        N/A       5%          7
 Silence                  Hex/Air        25%        N/A       8%          5
 Cause Fear               Hex            16%        N/A       9%          4
 Summon Forest            Summ/Tloc      21%        N/A       14%         5
 Storm Form               Tmut/Air       37%        N/A       16%         7
 Ozocubu's Refrigeration  Ice            31%        4d14      17%         7
 Summon Mana Viper        Hex/Summ       32%        N/A       26%         5
 Dispersal                Tloc           25%        N/A       38%         6
 Maxwell's Capacitive Co  Air            31%        ∞         71%         8
 Ignition                 Fire           27%        3d9       90%         8
 Enfeeble                 Hex            16%        N/A       99%         7
 Monstrous Menagerie      Summ           16%        N/A       99%         7
 Summon Hydra             Summ           16%        N/A       99%         7
 Disjunction              Tloc           25%        N/A       100%        8
 Fire Storm               Conj/Fire      40%        8d10      88%         9
 Dragon's Call            Summ           16%        N/A       100%        9
 Polar Vortex             Ice            31%        N/A       100%        9


Dungeon Overview and Level Annotations

Branches:
Dungeon (15/15) Zot: 24222  Temple (0/1) D:6            Lair (5/5) D:8 Zot: 23834
  Swamp (4/4) Lair:3 Zot: 17929  Spider (4/4) Lair:3 Zot: 15695   Slime (5/5) Lair:4 Zot: 26815
    Orc (2/2) D:12 Zot: 9920     Elf (3/3) Orc:2 Zot: 12798  Vaults (5/5) D:14 Zot: 19049
  Crypt (3/3) Vaults:2 Zot: 11740    Tomb (0/3) Crypt:3      Depths (4/4) D:15 Zot: 16422
   Hell (visited)             Dis (0/7) Hell            Geh (0/7) Hell
    Coc (3/7) Hell Zot: 22610     Tar (0/7) Hell            Zot (5/5) Depths:4 Zot: 21832
  Sewer (visited)           IceCv (visited)

Altars:
Ashenzari
Cheibriados
Dithmenos
Gozag
Kikubaaqudgha
Makhleb
Nemelex Xobeh
Okawaru
Qazlal
Sif Muna
Trog
Vehumet
Yredelemnul
Jiyva

Shops:
D:14 *   Orc:2 *[=   Elf:3 (   Vaults:2 (   Vaults:3 ?[=**   Vaults:5 !
Depths:1 =*[

Portals:
Hell: Depths:1 Depths:2 Depths:3 Depths:4
Abyss: Depths:3
Pandemonium: Depths:2
Ziggurat: Depths:1

Annotations:
Slime:5 Royal Jelly
Elf:3 2 transporters, SushiGirl's ghost, journeyman DECj


Innate Abilities, Weirdness & Mutations

You are an undead lich.
Your unarmed attacks are suffused with negative energy.
You are immune to unholy pain and torment.
Your necromantic spells are more powerful.
You cannot drink.
You are immune to poison.
You have claws for hands.
You are completely covered in yellow scales. (AC +4, rCorr)
You regenerate a lot of health from kills.
Spells you cast and wands you use may paralyse nearby enemies.
Your presence sometimes corrodes or deforms those you injure.
You can speak a Word of Chaos.
Your mind is acute. (Int +4, Str/Dex -1)
A frigid envelope surrounds you and freezes all who hurt you.
You expend magic power (3 MP) to strengthen your wands.


Message History

* * * LOW HITPOINT WARNING * * *
The acid blob is very cold.
The acid blob is moderately wounded.
Unknown command.
Unknown command.
Unknown command.
Unknown command.
Unknown command.
As you read the scroll of fear, it crumbles to dust.
You assume a fearsome visage.
The azure jelly resists with almost no effort.
The quicksilver ooze is unaffected. x2
The acid blob resists with almost no effort. x2
The Royal Jelly looks frightened!
The acid blob resists with almost no effort.
The acid blob looks frightened!
The slime creature looks frightened! x2
The azure jelly looks frightened! x2
You block the quicksilver ooze's attack.
The quicksilver ooze hits you.
* * * LOW HITPOINT WARNING * * *
You feel your power leaking away.
The quicksilver ooze is very cold.
The quicksilver ooze is moderately wounded.
The acid blob hits you!
* * * LOW HITPOINT WARNING * * *
The acid corrodes you!
You are splashed with acid.
You resist.
* * * LOW HITPOINT WARNING * * *
The acid blob is very cold.
The acid blob is almost dead.
The acid blob hits you!
* * * LOW HITPOINT WARNING * * *
You are splashed with acid.
You resist.
* * * LOW HITPOINT WARNING * * *
The acid blob is very cold.
The acid blob is severely wounded.
A slime creature comes into view.
The acid blob hits you!
* * * LOW HITPOINT WARNING * * *
You are splashed with acid.
You resist.
You die...

...............
...............
...............
...............
...............
...............
........J......
....J.JL.J.....
......JJJJ.....
.......J.......
...............
....J..........
...........J...
...............
.........J....J


You could see the Royal Jelly (fleeing, misshapen, drained), 4 acid blobs, 3
azure jellies, 3 slime creatures and 2 quicksilver oozes.

Vanquished Creatures
  A dread lich (Zot:3)
  3 ancient liches
  Mara (Elf:3)
  A juggernaut (Depths:4)
  Sojobo (Vaults:2)
  Boris (thrice) (Depths:1 Depths:3)
  Parghit (Depths:3)
  3 shard shrikes
  Frederick (Depths:3)
  Saint Roka (Crypt:1)
  Nikola (Swamp:3)
  11 golden dragons
  Geryon (Hell)
  A profane servitor (Crypt:3)
  Arachne (Spider:4)
  2 electric golems
  3 doom hounds (Hell)
  4 bone dragons
  Jorgrun (Orc:1)
  2 Tzitzimimeh
  9 tentacled monstrosities
  Mlioglotl (Spider:3)
  An Ice Fiend (Coc:1)
  Rupert (D:14)
  10 titans
  Asterion (Spider:2)
  5 liches
  3 deep elf blademasters
  The ghost of Shozle the Tortoise, an adept GrFi of Ashenzari (Vaults:1)
  4 quicksilver dragons
  3 acid blobs
  7 death cobs
  2 deep elf master archers (Elf:3)
  10 ancient champions
  Agnes (Elf:1)
  3 sphinxes
  Roxanne (Spider:3)
  5 thorn hunters
  8 azure jellies (Slime:5)
  5 tengu reavers
  9 rockslimes
  3 revenants
  8 draconian monks
  8 storm dragons
  8 shadow dragons
  4 draconian knights
  5 emperor scorpions
  6 deep elf sorcerers
  6 orc warlords
  13 vault wardens
  16 frost giants
  11 fire giants
  A balrug (Depths:1)
  2 curse skulls
  2 narguns (Coc:1)
  A juggernaut zombie (Crypt:1)
  Aizul (Depths:1)
  9 ghost moths
  13 ghouls
  8 draconian shifters
  2 cacodemons
  25 ironbound preservers
  9 draconian stormcallers
  2 draconian scorchers
  3 deep elf elementalists
  2 caustic shrike zombies (Crypt:2)
  3 broodmothers
  A spriggan defender (Depths:1)
  17 stone giants
  5 quicksilver oozes
  9 draconian annihilators
  3 war gargoyles
  5 reapers
  14 green draconians
  A caustic shrike skeleton (Crypt:2)
  7 ironbound thunderhulks
  32 very ugly things
  3 vampire knights
  4 eleionomae
  Azrael (D:12)
  4 elemental wellsprings
  3 deep elf annihilators
  13 purple draconians
  A dire elephant (Vaults:2)
  4 entropy weavers
  8 deep elf demonologists
  Nessos (D:12)
  8 white draconians
  2 wendigos (Coc:2)
  19 yellow draconians
  5 bunyips
  10 black draconians
  4 spark wasps
  The ghost of Sapher the Thaumaturge, a journeyman MeEE of Cheibriados (Swamp:3)
  12 red draconians
  11 deep elf death magi
  3 iron golems (Hell)
  An eidolon (Crypt:1)
  13 ettins
  Josephine (D:13)
  14 fire dragons
  3 blizzard demons (Hell)
  22 jiangshi
  4 crystal guardians
  A kraken zombie (Hell)
  6 deep elf high priests
  6 great orbs of eyes
  Erolcha (Orc:1)
  A shambling mangrove (Swamp:2)
  A fenstrider witch zombie (Crypt:2)
  7 yaktaur captains
  3 rakshasas
  14 ice dragons
  33 vault guards
  3 peacekeepers
  A salamander tyrant (Depths:4)
  26 hydras
  8 ogre magi
  6 caustic shrike simulacra
  8 alligators
  9 death knights
  9 ironbound frosthearts
  3 radroaches
  8 boulder beetles
  A juggernaut simulacrum (Coc:2)
  A fenstrider witch skeleton (Hell)
  3 catoblepae
  A ghost crab (Crypt:2)
  13 centaur warriors
  A merfolk avatar (Lair:5)
  5 death yaks
  22 two-headed ogres
  27 dancing weapons
  3 jorogumos (Spider:4)
  7 deep troll shamans
  3 hell hogs (Depths:2)
  6 tengu warriors
  14 vampire magi
  4 orc high priests
  7 deep troll earth magi
  15 deep elf knights
  8 hell knights
  3 spriggan berserkers (Depths:1)
  A shock serpent (shapeshifter) (Vaults:5)
  A storm dragon zombie (Crypt:2)
  6 sun demons
  8 soul eaters
  A titan zombie (Crypt:2)
  Sonja (D:12)
  A wretched star (Abyss:4)
  A salamander mystic (Depths:4)
  2 titan skeletons
  9 iron trolls
  4 crystal echidnas (Hell)
  41 skeletal warriors
  6 pharaoh ants
  5 sun moths
  4 goliath frogs
  3 sixfirhies (Hell)
  7 shadow wraiths
  2 bunyip zombies
  A bunyip skeleton (Hell)
  4 starcursed masses (Abyss:4)
  2 anaconda zombies (Hell)
  6 bog bodies
  6 spriggan druids
  2 glowing orange brains
  A sea snake (Lair:5)
  6 steelbarb worms
  An elf simulacrum (Coc:1)
  A shadow demon (Depths:4)
  95 deep trolls
  10 flayed ghosts
  2 orange crystal statues (IceCv)
  8 swamp dragons
  3 spriggan simulacra
  17 orb spiders
  A quicksilver dragon simulacrum (Coc:1)
  5 wizards
  9 orc knights
  12 phantasmal warriors
  A harpy (Lair:5)
  16 deep elf archers
  An iron giant skeleton (Crypt:2)
  A lindwurm (shapeshifter) (Elf:2)
  18 ironbound convokers
  13 lindwurms
  29 deep elf zephyrmancers
  26 deep elf pyromancers
  A wolf spider zombie (Crypt:2)
  13 necromancers
  18 orc sorcerers
  A shadow dragon skeleton (Depths:1)
  6 cyclopes
  An anaconda skeleton (Hell)
  A golden dragon skeleton (Depths:1)
  An oklob plant (Orc:1)
  3 salamanders (Depths:4)
  A tengu skeleton (Hell)
  An iron dragon zombie (Crypt:1)
  26 wolf spiders
  5 manticores
  3 will-o-the-wisps
  32 ugly things
  6 elephants
  2 shining eyes
  A stone giant zombie (Crypt:1)
  2 ice statues (Hell)
  A cyclops (shapeshifter) (Vaults:5)
  13 moths of wrath
  15 vault sentinels
  A black mamba (shapeshifter) (Elf:2)
  7 torpor snails
  3 black mambas
  A centaur zombie (Crypt:2)
  A moth of wrath (shapeshifter) (Vaults:3)
  2 smoke demons
  Maurice (D:12)
  2 gargoyles
  14 cane toads
  3 orange demons (Hell)
  An alligator snapping turtle zombie (Crypt:2)
  A shock serpent skeleton (Crypt:2)
  Maggie (D:6)
  4 demonic crawlers
  9 komodo dragons
  2 kobold demonologists (D:11)
  3 anaconda simulacra
  A yaktaur (shapeshifter) (Vaults:2)
  4 rime drakes
  2 tormentors
  3 bunyip simulacra
  6 tengu conjurers
  2 efreet
  18 freezing wraiths
  38 yaktaurs
  A hydra zombie (Hell)
  A grey draconian skeleton (Crypt:1)
  4 golden dragon simulacra (IceCv)
  8 trolls
  A harpy zombie (Crypt:2)
  2 shadow dragon simulacra (Coc:1)
  A bloated husk (Swamp:4)
  9 catoblepas skeletons (Abyss:3)
  23 hornets
  8 polar bears
  23 tarantellas
  2 harpy skeletons
  A hydra skeleton (Crypt:1)
  9 tyrant leeches
  11 raiju (Abyss:4)
  An ettin zombie (Depths:1)
  A spriggan zombie (Depths:1)
  86 slime creatures
  A radroach zombie (Crypt:2)
  A dream sheep (Lair:3)
  61 blink frogs
  A stone giant simulacrum (Crypt:2)
  4 air elementals
  21 jumping spiders
  A large abomination (Crypt:3)
  8 water elementals
  52 flying skulls
  5 vampires
  19 spriggans
  3 shadows
  4 wyverns
  2 dire elephant simulacra
  15 wraiths
  A ynoxinul (Abyss:3)
  42 yaks
  17 culicivoras
  2 spriggans (shapeshifter)
  7 fire elementals
  An alligator snapping turtle simulacrum (Coc:2)
  7 golden eyes (Slime:2)
  5 basilisks
  16 humans (D:14)
  A steam dragon (shapeshifter) (Zot:3)
  37 redbacks
  A steam dragon (D:6)
  12 vampire mosquitoes
  Grum (D:8)
  4 minotaur simulacra (Elf:2)
  A hog (shapeshifter) (Elf:2)
  Menkaure (D:6)
  A neqoxec (Abyss:3)
  7 harpy simulacra
  10 wargs
  2 acid dragons
  3 hydra simulacra
  3 small abominations (Crypt:3)
  A naga zombie (Hell)
  13 water moccasins
  17 swamp worms
  A demonspawn skeleton (Crypt:2)
  A floating eye (Depths:1)
  Duvessa (D:6)
  2 floating eyes (shapeshifter)
  46 orc warriors
  A two-headed ogre skeleton (Crypt:1)
  2 black bears (shapeshifter)
  8 swamp drakes
  An ice beast (D:7)
  3 black bears
  2 sky beasts
  5 alligator simulacra
  7 ettin simulacra
  19 ogres
  3 boggarts (Vaults:2)
  10 wolves
  2 phantoms (D:6)
  22 centaurs
  4 kobold brigands
  10 bullfrogs
  7 earth elementals
  2 gnoll sergeants
  13 necrophages
  A naga simulacrum (Coc:2)
  A draconian skeleton (Crypt:2)
  An elf skeleton (Crypt:1)
  4 scorpions
  4 wights (D:8)
  Dowan (D:6)
  A troll zombie (Crypt:2)
  8 killer bees
  A swamp dragon simulacrum (Coc:1)
  4 lindwurm simulacra
  An electric eel (D:13)
  4 howler monkeys
  A hound (D:4)
  4 jellies
  3 gnoll boudas
  22 orc priests
  A human skeleton (Crypt:1)
  3 iron imps (D:7)
  47 orc wizards
  4 iguanas
  Ijyb (D:4)
  Natasha (thrice) (D:2)
  30 gnolls
  17 adders
  3 river rats (Sewer)
  5 white imps
  An ufetubus (D:5)
  An adder skeleton (Crypt:2)
  A worm (D:4)
  2 dart slugs
  126 orcs
  8 bats
  9 endoplasms
  4 giant cockroaches
  A gnoll zombie (Crypt:1)
  7 goblins
  5 hobgoblins
  9 jackals
  10 quokkas
  19 ball pythons
  8 frilled lizards
  2 goblin skeletons (D:3)
  A goblin zombie (D:3)
  3 hobgoblin zombies (D:3)
  19 kobolds
  2 kobold skeletons (D:3)
  An orc skeleton (D:3)
  An orc zombie (D:3)
  16 rats
  2 fire vortices (Hell)
  A tentacle (Hell)
2763 creatures vanquished.

Vanquished Creatures (others)
  A white draconian (Zot:2)
  A rakshasa (Depths:2)
  A deep troll shaman (Depths:2)
  A vampire mage (Crypt:1)
  An anaconda simulacrum (Elf:2)
  A catoblepas skeleton (Abyss:3)
  A bloated husk (Swamp:3)
  A centaur simulacrum (Coc:2)
  A vampire mosquito (Swamp:3)
  An orc wizard (Orc:2)
  An orc (D:15)
  4 foxfires
  15 fungi
  A pillar of salt (Vaults:2)
  76 plants
  3 tentacles (Hell)
110 creatures vanquished.

Grand Total: 2873 creatures vanquished

Notes
Turn   | Place    | Note
-------+----------+-------------------------------------------
     0 | D:1      | protoss039 the Demonspawn Earth Elementalist began the
                  | quest for the Orb.
     0 | D:1      | Reached XP level 1. HP: 13/13 MP: 3/3
   328 | D:1      | Gained mutation: You are partially covered in yellow
                  | scales. (AC +2) [demonic ancestry]
   328 | D:1      | Reached XP level 2. HP: 20/20 MP: 3/5
   801 | D:1      | Reached skill level 1 in Fighting
   957 | D:1      | Found a faded altar of an unknown god.
  1176 | D:1      | Learned a level 2 spell: Passwall
  1202 | D:2      | Gained mutation: You are mostly covered in yellow scales.
                  | (AC +3) [demonic ancestry]
  1202 | D:2      | Reached XP level 3. HP: 26/26 MP: 6/6
  1834 | D:2      | Reached XP level 4. HP: 33/33 MP: 8/8
  1879 | D:2      | Noticed Natasha
  1883 | D:2      | Killed Natasha
  1884 | D:2      | Reached skill level 1 in Armour
  2183 | D:2      | Noticed Natasha
  2187 | D:2      | Killed Natasha
  2188 | D:2      | Reached skill level 3 in Spellcasting
  2282 | D:2      | Identified the ring "Qall" {rCorr Str+3 Dex+8}
  2370 | D:2      | Noticed Natasha
  2373 | D:2      | Killed Natasha
  2374 | D:2      | Gained mutation: You have sharp fingernails. [demonic
                  | ancestry]
  2374 | D:2      | Reached XP level 5. HP: 39/39 MP: 5/9
  2409 | D:2      | Learned a level 3 spell: Stone Arrow
  2761 | D:3      | Found an opulent altar of Gozag.
  2854 | D:3      | Found a glowing drain.
  2865 | Sewer    | Entered a sewer
  3110 | Sewer    | Reached XP level 6. HP: 46/46 MP: 7/11
  4252 | D:4      | Noticed Ijyb
  4308 | D:4      | Killed Ijyb
  4309 | D:4      | Reached skill level 1 in Conjurations
  4750 | D:4      | Gained mutation: You have very sharp fingernails. [demonic
                  | ancestry]
  4750 | D:4      | Reached XP level 7. HP: 29/51 MP: 8/12
  4889 | D:4      | Found a broken altar of Ashenzari.
  4972 | D:4      | Found an iron altar of Okawaru.
  5659 | D:4      | Reached skill level 4 in Spellcasting
  5721 | D:5      | Entered Level 5 of the Dungeon
  6492 | D:5      | Found a stormy altar of Qazlal.
  6572 | D:5      | Reached XP level 8. HP: 44/60 MP: 14/14
  6789 | D:5      | Found a bloodstained altar of Trog.
  7246 | D:6      | Noticed Menkaure
  7249 | D:6      | Killed Menkaure
  7250 | D:6      | Reached skill level 1 in Shields
  7250 | D:6      | Reached skill level 5 in Earth Magic
  7365 | D:6      | Found a radiant altar of Vehumet.
  7552 | D:6      | Became a worshipper of Vehumet
  7784 | D:6      | Found a staircase to the Ecumenical Temple.
  7798 | D:6      | Noticed Maggie
  7885 | D:6      | Killed Maggie
  7886 | D:6      | Reached skill level 5 in Spellcasting
  8058 | D:6      | Noticed Duvessa
  8058 | D:6      | Noticed Dowan
  8074 | D:6      | Killed Duvessa
  8075 | D:6      | Gained mutation: You regenerate a little health from kills.
                  | [demonic ancestry]
  8075 | D:6      | Reached XP level 9. HP: 65/67 MP: 2/16
  8076 | D:6      | Killed Dowan
  8264 | D:6      | Reached skill level 5 in Fighting
  8379 | D:6      | Noticed a four-headed hydra
  8476 | D:6      | Noticed an eight-headed hydra
  8483 | D:6      | Killed an eight-headed hydra
  8483 | D:6      | Reached * piety under Vehumet
  8483 | D:6      | Offered knowledge of Foxfire by Vehumet.
  8484 | D:6      | Reached skill level 5 in Conjurations
  8687 | D:6      | Killed a four-headed hydra
  8688 | D:6      | Reached skill level 5 in Shields
  8688 | D:6      | Reached skill level 6 in Spellcasting
  8688 | D:6      | Gained mutation: You are completely covered in yellow
                  | scales. (AC +4, rCorr) [demonic ancestry]
  8688 | D:6      | Reached XP level 10. HP: 47/76 MP: 4/19
  8971 | D:6      | Identified the +3 quarterstaff of Semooler {vorpal, rC+
                  | Will+ Dex+4 Stlth+}
  8972 | D:6      | Identified the +6 scale mail "Zojyra" {rF- Regen+ Dex+4}
  9353 | D:7      | Found a burning altar of Makhleb.
  9585 | D:7      | Reached ** piety under Vehumet
  9680 | D:7      | Offered knowledge of Static Discharge by Vehumet.
  9684 | D:7      | Learned a level 2 spell: Static Discharge
  9731 | D:7      | Identified the +1 ring mail "Uxaps" {rN+ Will- Str+2 Dex+8}
  9945 | D:7      | Found a snail-covered altar of Cheibriados.
  9945 | D:7      | Found a shadowy altar of Dithmenos.
 10115 | D:8      | Noticed Grum
 10117 | D:8      | Killed Grum
 10119 | D:8      | Reached skill level 1 in Air Magic
 10343 | D:8      | Found a staircase to the Lair.
 11012 | D:8      | Reached skill level 7 in Spellcasting
 11012 | D:8      | Gained mutation: Spells you cast may paralyse adjacent
                  | enemies. [demonic ancestry]
 11012 | D:8      | Reached XP level 11. HP: 86/86 MP: 22/22
 11013 | D:8      | Reached skill level 8 in Spellcasting
 11013 | D:8      | Reached skill level 5 in Air Magic
 11013 | D:8      | Reached XP level 12. HP: 94/94 MP: 24/24
 11019 | D:8      | Learned a level 4 spell: Olgreb's Toxic Radiance
 11070 | D:9      | Reached skill level 1 in Transmutations
 11296 | D:9      | Offered knowledge of Ignite Poison by Vehumet.
 11301 | D:9      | Learned a level 3 spell: Ignite Poison
 11856 | D:9      | Reached skill level 1 in Poison Magic
 11895 | D:9      | Got the Textbook on Dynamic Minerals
 12138 | D:10     | Entered Level 10 of the Dungeon
 12417 | D:10     | Reached *** piety under Vehumet
 12477 | D:10     | Noticed a centaur warrior
 12483 | D:10     | Killed a centaur warrior
 13028 | D:11     | Gained mutation: Spells you cast may paralyse nearby
                  | enemies. [demonic ancestry]
 13028 | D:11     | Reached XP level 13. HP: 101/101 MP: 25/25
 13104 | D:11     | Offered knowledge of Mephitic Cloud by Vehumet.
 13660 | D:11     | Learned a level 3 spell: Mephitic Cloud
 13720 | D:12     | Noticed Sonja
 13721 | D:12     | Reached **** piety under Vehumet
 13725 | D:12     | Killed Sonja
 13737 | D:12     | Found a staircase to the Orcish Mines.
 13852 | D:12     | Offered knowledge of Sticky Flame by Vehumet.
 14124 | D:12     | Noticed Azrael
 14598 | Lair:1   | Entered Level 1 of the Lair of Beasts
 14661 | Lair:1   | Reached skill level 5 in Armour
 14893 | Lair:1   | Identified the +4 chain mail of Agnosticism {Rampage Will+}
 15055 | Lair:1   | Reached skill level 9 in Spellcasting
 15392 | Lair:2   | Reached skill level 1 in Fire Magic
 15392 | Lair:2   | Reached skill level 1 in Evocations
 15436 | Lair:2   | Reached ***** piety under Vehumet
 15502 | Lair:2   | Offered knowledge of Flame Wave by Vehumet.
 16353 | Lair:3   | Identified the +4 pair of boots of Seskonog {rPois rF++
                  | Str-5 SInv}
 16442 | Lair:3   | Found a hole to the Spider Nest.
 16822 | Lair:3   | Reached XP level 14. HP: 109/109 MP: 27/27
 17027 | Lair:3   | Reached skill level 10 in Fighting
 17573 | Lair:3   | Found a staircase to the Swamp.
 18066 | Lair:4   | Found a viscous altar of Jiyva.
 18067 | Lair:4   | Found a staircase to the Slime Pits.
 18780 | Lair:5   | Entered Level 5 of the Lair of Beasts
 18787 | Lair:5   | Reached skill level 10 in Conjurations
 18790 | Lair:5   | Offered knowledge of Iskenderun's Mystic Blast by Vehumet.
 18795 | Lair:5   | Reached skill level 10 in Earth Magic
 19025 | Lair:5   | Reached skill level 10 in Spellcasting
 19369 | Lair:5   | Reached XP level 15. HP: 117/117 MP: 29/29
 19434 | Lair:5   | Offered knowledge of Freezing Cloud by Vehumet.
 19441 | Lair:5   | Learned a level 5 spell: Freezing Cloud
 20191 | D:12     | Noticed Nessos
 20202 | D:12     | Killed Nessos
 20203 | D:12     | Reached skill level 1 in Ice Magic
 21096 | D:12     | Noticed Maurice
 21101 | D:12     | Killed Maurice
 21415 | D:12     | Killed Azrael
 22437 | D:13     | Identified the +0 pair of boots of Indemnity {Harm rPois
                  | MP-9 Str+3 Stlth+}
 22510 | D:13     | Noticed Josephine
 22514 | D:13     | Killed Josephine
 23054 | D:14     | Offered knowledge of Irradiate by Vehumet.
 23490 | D:14     | Found Xosugopn's Assorted Antiques.
 23498 | D:14     | Bought 3 scrolls of identify for 204 gold pieces
 23498 | D:14     | Bought a potion of curing for 102 gold pieces
 23652 | D:13     | Learned a level 5 spell: Irradiate
 23834 | D:14     | Identified the +1 robe of the Iron City of Dis {rPois MP+9
                  | Dex-4 Slay+3}
 24126 | D:14     | Noticed Rupert
 24135 | D:14     | Killed Rupert
 24358 | D:14     | Reached skill level 5 in Dodging
 24529 | D:14     | Found a gate to the Vaults.
 24566 | D:15     | Entered Level 15 of the Dungeon
 24945 | D:15     | Offered knowledge of Iron Shot by Vehumet.
 24946 | D:15     | Gained mutation: You have claws for hands. [demonic
                  | ancestry]
 24946 | D:15     | Reached XP level 16. HP: 126/126 MP: 23/30
 25102 | D:15     | Found a staircase to the Depths.
 25143 | D:15     | Learned a level 6 spell: Iron Shot
 25853 | Orc:1    | Entered Level 1 of the Orcish Mines
 25853 | Orc:1    | Noticed Jorgrun
 25861 | Orc:1    | Killed Jorgrun
 25950 | Orc:1    | Noticed Erolcha
 25958 | Orc:1    | Killed Erolcha
 26061 | Orc:1    | Reached skill level 5 in Ice Magic
 26067 | Orc:1    | Reached skill level 5 in Poison Magic
 26270 | Orc:2    | Entered Level 2 of the Orcish Mines
 26341 | Orc:2    | Found a staircase to the Elven Halls.
 26595 | Orc:2    | Reached skill level 11 in Spellcasting
 26844 | Orc:2    | Found Faeqi's Armour Boutique.
 26844 | Orc:2    | Found Xouginor's Jewellery Emporium.
 26889 | Orc:2    | Offered knowledge of Conjure Ball Lightning by Vehumet.
 27201 | Orc:2    | Found Miazont's Assorted Antiques.
 27201 | Orc:2    | Found Hiudag's Distillery.
 27207 | Orc:2    | Bought a scroll labelled VASIGU NOUV for 27 gold pieces
 27931 | Orc:2    | Bought 2 potions of heal wounds for 140 gold pieces
 27931 | Orc:2    | Bought a potion of heal wounds for 70 gold pieces
 27931 | Orc:2    | Bought a potion of curing for 42 gold pieces
 27931 | Orc:2    | Bought a potion of cancellation for 112 gold pieces
 27931 | Orc:2    | Bought a potion of resistance for 140 gold pieces
 27931 | Orc:2    | Bought a potion of mutation for 112 gold pieces
 27931 | Orc:2    | Bought a potion of mutation for 112 gold pieces
 27931 | Orc:2    | Bought a potion of mutation for 112 gold pieces
 27940 | Orc:2    | Bought a scroll of fear for 108 gold pieces
 27940 | Orc:2    | Bought a scroll of amnesia for 108 gold pieces
 27940 | Orc:2    | Bought a scroll of enchant armour for 202 gold pieces
 27940 | Orc:2    | Bought a wand of roots (5) for 324 gold pieces
 28236 | Swamp:1  | Entered Level 1 of the Swamp
 28779 | Swamp:1  | Noticed a thorn hunter
 28796 | Swamp:1  | Killed a thorn hunter
 29257 | Swamp:1  | Reached skill level 10 in Armour
 29553 | Swamp:2  | Reached XP level 17. HP: 133/133 MP: 25/32
 29653 | Swamp:2  | Reached ****** piety under Vehumet
 29783 | Swamp:2  | Identified the ring of Fatigue {*Corrode AC+4 Str+4 Dex+2}
 30237 | Swamp:2  | Learned a level 5 spell: Borgnjor's Vile Clutch
 30250 | Swamp:3  | Noticed Sapher's ghost (journeyman MeEE)
 30250 | Swamp:3  | Found a transporter.
 30299 | Swamp:3  | Offered knowledge of Orb of Destruction by Vehumet.
 30306 | Swamp:3  | Reached skill level 1 in Necromancy
 30806 | Swamp:3  | Noticed Nikola
 30820 | Swamp:3  | Killed Nikola
 31133 | Swamp:3  | Reached skill level 10 in Shields
 31351 | Swamp:3  | Found a shimmering blue altar of Sif Muna.
 31507 | Swamp:3  | Found a transporter.
 31852 | Swamp:4  | Entered Level 4 of the Swamp
 33371 | Swamp:4  | Got the Atlas of Shapes and the Blizzard
 33511 | Swamp:4  | Reached skill level 12 in Spellcasting
 33908 | Swamp:4  | Got a decaying rune of Zot
 34137 | Swamp:3  | Killed Sapher's ghost
 34509 | Spider:1 | Entered Level 1 of the Spider Nest
 34596 | Spider:1 | Reached skill level 5 in Necromancy
 35634 | Spider:1 | Offered knowledge of Shatter by Vehumet.
 35634 | Spider:1 | Offered knowledge of Polar Vortex by Vehumet.
 35634 | Spider:1 | Offered knowledge of Maxwell's Capacitive Coupling by
                  | Vehumet.
 35966 | Spider:2 | Noticed Asterion
 36584 | Spider:2 | Killed Asterion
 36828 | Spider:3 | Gained mutation: You regenerate health from kills. [demonic
                  | ancestry]
 36828 | Spider:3 | Reached XP level 18. HP: 121/135 MP: 15/34
 37879 | Spider:3 | Noticed Mlioglotl
 37887 | Spider:3 | Killed Mlioglotl
 38062 | Spider:3 | Noticed Roxanne
 39318 | Spider:3 | Killed Roxanne
 39481 | Spider:4 | Entered Level 4 of the Spider Nest
 39703 | Spider:4 | Noticed Arachne
 39710 | Spider:4 | Killed Arachne
 40001 | Spider:4 | Reached skill level 1 in Throwing
 40900 | Spider:4 | Reached skill level 13 in Spellcasting
 41795 | Spider:4 | Identified the +1 pair of gloves of Zugaw {rPois rC+ rN+}
 42655 | Spider:4 | Got a gossamer rune of Zot
 42740 | Spider:4 | Learned a level 6 spell: Statue Form
 43027 | Elf:1    | Entered Level 1 of the Elven Halls
 43039 | Elf:1    | Gained mutation: Your presence sometimes corrodes those you
                  | injure. [demonic ancestry]
 43039 | Elf:1    | Reached XP level 19. HP: 149/149 MP: 36/36
 43187 | Elf:1    | You fall into a shaft and drop 1 floor!
 43210 | Elf:2    | Found a runed translucent gate.
 43210 | Elf:2    | Found a runed translucent gate.
 43211 | Elf:2    | Found a runed translucent gate.
 43428 | Elf:1    | Paralysed by an air elemental for 1 turns
 43437 | Elf:1    | Found a flickering gateway to a bazaar.
 43440 | Bazaar   | Entered a bazaar
 43447 | Bazaar   | Found Qoec's Antique Weapon Emporium.
 43452 | Bazaar   | Bought a jewelled short sword for 336 gold pieces
 43452 | Bazaar   | Identified the +3 short sword "Powkifon" {flame, *Rage
                  | +Blink rElec} (You bought it in a shop in a bazaar)
 43452 | Bazaar   | Bought an encrusted scimitar for 378 gold pieces
 43452 | Bazaar   | Identified the +1 scimitar "Puolu" {vorpal, Dex+3 SInv}
                  | (You bought it in a shop in a bazaar)
 43460 | Bazaar   | Found Qotsaishra's Antique Weapon Shoppe.
 43475 | Bazaar   | Found Emaedodi's Antique Armour Shoppe.
 43486 | Bazaar   | Found Zilaroaqo's Antique Armour Emporium.
 43491 | Bazaar   | Bought a jewelled helmet for 171 gold pieces
 43491 | Bazaar   | Identified the +2 helmet of Gyneo {Contam rC+ rN+} (You
                  | bought it in a shop in a bazaar)
 43562 | Elf:2    | Paralysed by an air elemental for 1 turns
 43634 | Elf:2    | Found a frozen archway.
 43672 | IceCv    | Entered an ice cave
 44413 | Elf:2    | Got the Compilation of Transformation
 45118 | Elf:2    | Reached skill level 5 in Stealth
 45669 | Elf:3    | Entered Level 3 of the Elven Halls
 45719 | Elf:3    | Got the Reference Book on Blasting and Direction
 45767 | Elf:3    | Reached skill level 5 in Evocations
 45900 | Elf:3    | Paralysed by an air elemental for 1 turns
 45902 | Elf:3    | Paralysed by an air elemental for 1 turns
 45921 | Elf:3    | Noticed Mara
 45927 | Elf:3    | Killed Mara
 46161 | Elf:3    | Reached skill level 5 in Transmutations
 46315 | Elf:3    | Found Fizuerisi's Antique Weapon Shop.
 46550 | Abyss:3  | Cast into level 3 of the Abyss (a deep elf sorcerer)
 46553 | Abyss:3  | Learned a level 1 spell: Apportation
 46627 | Abyss:3  | Got an abyssal rune of Zot
 46679 | Abyss:3  | Gained mutation: You are frail. (-10% HP) [a neqoxec]
 46763 | Abyss:3  | Lost mutation: You are frail. (-10% HP) [potion of
                  | mutation]
 46763 | Abyss:3  | Gained mutation: Your muscles are strong. (Str +4, Int/Dex
                  | -1) [potion of mutation]
 46763 | Abyss:3  | Gained mutation: You expend magic power (3 MP) to
                  | strengthen your wands. [potion of mutation]
 47301 | Abyss:4  | Paralysed by accursed screaming for 1 turns
 47343 | Abyss:4  | Reached skill level 14 in Spellcasting
 47354 | Abyss:4  | Noticed a profane servitor
 47355 | Elf:3    | Escaped the Abyss
 47525 | Elf:3    | Gained mutation: You regenerate a lot of health from kills.
                  | [demonic ancestry]
 47525 | Elf:3    | Reached XP level 20. HP: 158/158 MP: 31/38
 47582 | Elf:3    | Found a transporter.
 47583 | Elf:3    | Noticed SushiGirl's ghost (journeyman DECj)
 47944 | Elf:3    | Got the Compendium of Displaced Fire
 48030 | Elf:3    | Identified the amulet of Exerames {Faith rPois rF- rN++
                  | Str+2}
 48045 | Elf:3    | Identified the ring of Symmetry {Wiz Fly MP+9 Str+4}
 48053 | Elf:3    | Identified the amulet of the Castellan {*Slow rPois Regen+
                  | Str+4 SInv}
 48172 | Elf:3    | Found a transporter.
 48178 | Elf:3    | Found a bloodstained altar of Trog.
 48473 | Elf:1    | Identified the +1 robe of the Black Moon {Slay+2}
 48619 | Elf:1    | Noticed Agnes
 48625 | Elf:1    | Killed Agnes
 48778 | Elf:1    | Got the Collected Works on Searing Shapes
 48784 | Elf:1    | Got Sif Muna's Guidebook on Unified Bolts
 49811 | Depths:1 | Entered Level 1 of the Depths
 49965 | Vaults:1 | Entered Level 1 of the Vaults
 51310 | Vaults:1 | Found a runed translucent door.
 51316 | Vaults:1 | Noticed Shozle's ghost (adept GrFi)
 52831 | Vaults:2 | Noticed Sojobo
 52839 | Vaults:2 | Paralysed by an air elemental for 1 turns
 52843 | Vaults:2 | Paralysed by an air elemental for 1 turns
 52847 | Vaults:2 | Paralysed by an air elemental for 1 turns
 52850 | Vaults:2 | Killed Sojobo
 53200 | Vaults:2 | Reached XP level 21. HP: 162/166 MP: 39/39
 53279 | Vaults:2 | Identified the +6 halberd "Ythreff" {vorpal, rF+ rC+ Will+}
 53391 | Vaults:2 | Found Kaerph's Weapon Shoppe.
 53400 | Vaults:2 | Reached skill level 15 in Spellcasting
 53472 | Vaults:2 | Identified a scroll of acquirement
 53495 | Vaults:2 | Acquired 519 gold pieces
 53662 | Vaults:2 | Identified the +0 pair of gloves "Rarown" {-Tele rPois
                  | Str+6}
 54572 | Vaults:2 | Found a staircase to the Crypt.
 54996 | Vaults:3 | Found Ugriaprol's Jewellery Shop.
 55505 | Vaults:3 | Found Ohupt's Armour Shoppe.
 55668 | Vaults:3 | Found Kobiomeir's Magic Scroll Shoppe.
 55677 | Vaults:3 | Bought a scroll of teleportation for 42 gold pieces
 55677 | Vaults:3 | Bought a scroll of fear for 56 gold pieces
 55915 | Vaults:3 | Found Siqumot's Assorted Antiques.
 55917 | Vaults:3 | Found Sonnunec's General Store.
 55921 | Vaults:3 | Bought a potion of curing for 84 gold pieces
 55921 | Vaults:3 | Bought an ivory mace for 224 gold pieces
 55921 | Vaults:3 | Identified the +9 mace "Xaexyichu" {vorpal, MP-9 SInv
                  | Stlth+} (You bought it in a shop on level 3 of the Vaults)
 55926 | Vaults:3 | Bought a scroll of teleportation for 69 gold pieces
 55926 | Vaults:3 | Bought a potion of might for 92 gold pieces
 56271 | Vaults:3 | Noticed an ancient lich
 56274 | Vaults:3 | Killed an ancient lich
 56833 | Vaults:4 | Gained mutation: Your presence sometimes corrodes or
                  | deforms those you injure. [demonic ancestry]
 56833 | Vaults:4 | Reached XP level 22. HP: 174/174 MP: 24/41
 57267 | Vaults:4 | Reached skill level 15 in Fighting
 57267 | Vaults:4 | Reached skill level 15 in Conjurations
 57309 | Vaults:4 | Reached skill level 16 in Spellcasting
 58212 | Vaults:1 | Killed Shozle's ghost
 58730 | Depths:1 | Found a sparkling altar of Nemelex Xobeh.
 58730 | Depths:1 | Noticed Boris
 58833 | Depths:1 | Paralysed by a floating eye for 4 turns
 58982 | Depths:1 | Found a bloodstained altar of Trog.
 59033 | Depths:1 | Found a gateway to Hell.
 59236 | Depths:1 | Found Ompewow's Jewellery Shop.
 59238 | Depths:1 | Found Qeqomoz's General Store.
 59240 | Depths:1 | Found Caurapia's Armour Shop.
 59244 | Depths:1 | Bought the amulet "Etaag" {Reflect +Inv Fly Regen+ Str-5
                  | SH+5} for 605 gold pieces
 59259 | Depths:1 | Bought a scroll of fear for 52 gold pieces
 59403 | Depths:1 | Killed Boris
 59796 | Depths:1 | Found a one-way gateway to a ziggurat.
 59973 | Depths:1 | Bought the ring of Lyakarud {Will+ Str+4 SInv} for 612 gold
                  | pieces
 59979 | Depths:1 | Bought a scroll of enchant weapon for 97 gold pieces
 60015 | Depths:2 | Noticed Aizul
 60017 | Depths:2 | Noticed Boris
 60181 | Depths:1 | Killed Aizul
 60285 | Depths:1 | Killed Boris
 60549 | Depths:2 | Found a one-way gate leading to the halls of Pandemonium.
 60923 | Depths:2 | Reached skill level 17 in Spellcasting
 60947 | Depths:2 | Identified the +9 rapier of the Mind {freeze, Str+4 SInv}
 60968 | Depths:2 | Reached XP level 23. HP: 183/183 MP: 33/44
 61506 | Depths:3 | Noticed Parghit
 61518 | Depths:3 | Killed Parghit
 61903 | Depths:3 | Noticed Frederick
 61910 | Depths:3 | Killed Frederick
 62006 | Depths:3 | Found a one-way gate to the infinite horrors of the Abyss.
 62017 | Depths:3 | Noticed Boris
 62023 | Depths:3 | Killed Boris
 62024 | Depths:3 | Reached skill level 15 in Earth Magic
 62805 | Depths:4 | Entered Level 4 of the Depths
 62811 | Depths:4 | Noticed a caustic shrike
 62811 | Depths:4 | Noticed a caustic shrike
 62811 | Depths:4 | Noticed a caustic shrike
 62811 | Depths:4 | Noticed a caustic shrike
 62811 | Depths:4 | Noticed a caustic shrike
 62961 | Depths:4 | Noticed a juggernaut
 62962 | Depths:4 | Noticed a juggernaut
 63244 | Depths:4 | Noticed a juggernaut
 63255 | Depths:4 | Killed a juggernaut
 63818 | Depths:4 | Found a gate to the Realm of Zot.
 65074 | Crypt:1  | Entered Level 1 of the Crypt
 65121 | Crypt:1  | Learned a level 4 spell: Iskenderun's Mystic Blast
 65131 | Crypt:1  | Learned a level 9 spell: Shatter
 65425 | Crypt:1  | Reached skill level 1 in Translocations
 65714 | Crypt:1  | Acquired the +3 pair of mountain boots {steadfast, rC+}
 65714 | Crypt:1  | Found the +3 pair of mountain boots {steadfast, rC+}
 66440 | Crypt:1  | Noticed Saint Roka
 66456 | Crypt:1  | Killed Saint Roka
 66952 | Crypt:2  | Gained mutation: Spells you cast and wands you use may
                  | paralyse nearby enemies. [demonic ancestry]
 66952 | Crypt:2  | Reached XP level 24. HP: 189/191 MP: 23/44
 66977 | Crypt:2  | Reached skill level 18 in Spellcasting
 67169 | Crypt:2  | Found a basalt altar of Yredelemnul.
 67770 | Crypt:2  | Identified the amulet of Lugonu's Grace {rElec Regen+}
 67772 | Crypt:2  | Identified the amulet "Bauvomp" {Harm *Slow rPois Regen+
                  | Int+6}
 67865 | Crypt:2  | Found an ancient bone altar of Kikubaaqudgha.
 68216 | Crypt:2  | Acquired 1011 gold pieces
 68222 | Crypt:3  | Entered Level 3 of the Crypt
 68808 | Crypt:3  | Found an ancient bone altar of Kikubaaqudgha.
 68816 | Crypt:3  | Reached skill level 10 in Necromancy
 69242 | Crypt:3  | Identified the +1 cloak of the Abyss {Dex+4}
 69881 | Crypt:3  | Found a staircase to the Tomb.
 70065 | Crypt:3  | Identified the +3 leather armour "Soizuokutz" {+Blink
                  | Slay+3}
 70512 | Vaults:3 | Bought a scroll of enchant weapon for 105 gold pieces
 70582 | Vaults:3 | Bought a scroll of enchant weapon for 210 gold pieces
 70614 | Vaults:5 | Entered Level 5 of the Vaults
 70623 | Vaults:5 | Reached skill level 10 in Transmutations
 70626 | Vaults:5 | Noticed an ancient lich
 70630 | Vaults:5 | Killed an ancient lich
 70657 | Vaults:5 | Reached XP level 25. HP: 131/199 MP: 21/45
 70736 | Vaults:5 | Identified the +5 halberd "Gram" {vorpal, rElec}
 70836 | Vaults:5 | Got a silver rune of Zot
 70912 | Vaults:5 | Identified the +5 hand axe of Evisceration {vorpal, rN+}
 71003 | Vaults:5 | Identified the +5 mace "Lom Afep" {flame, Str+5 Stlth-}
 71084 | Vaults:5 | Identified the +9 shortbow of the Depths {vorpal, rF+ Int+3
                  | Dex+5}
 71171 | Vaults:5 | Reached skill level 19 in Spellcasting
 71596 | Vaults:5 | Found Qeeqen's Distillery.
 71601 | Vaults:5 | Bought a potion of curing for 54 gold pieces
 71601 | Vaults:5 | Bought a potion of curing for 54 gold pieces
 71601 | Vaults:5 | Bought a potion of brilliance for 72 gold pieces
 71601 | Vaults:5 | Bought a potion of curing for 54 gold pieces
 71601 | Vaults:5 | Bought a potion of curing for 54 gold pieces
 71601 | Vaults:5 | Bought a potion of mutation for 144 gold pieces
 72155 | Vaults:5 | Acquired 977 gold pieces
 72483 | Zot:1    | Entered Level 1 of the Realm of Zot
 72627 | Depths:4 | Gained mutation: You are strong-willed. (Will+) [mutagenic
                  | glow]
 75122 | Zot:2    | Found an ancient bone altar of Kikubaaqudgha.
 75840 | Zot:2    | Reached XP level 26. HP: 195/208 MP: 46/46
 75948 | Zot:2    | Learned a level 8 spell: Lehudib's Crystal Spear
 76291 | Zot:3    | Noticed a dread lich
 76303 | Zot:3    | Killed a dread lich
 76746 | Zot:3    | Noticed an ancient lich
 76755 | Zot:3    | Killed an ancient lich
 78549 | Zot:4    | Reached skill level 20 in Spellcasting
 80381 | Zot:5    | Entered Level 5 of the Realm of Zot
 80518 | Hell     | Entered the Vestibule of Hell
 80518 | Hell     | Noticed Geryon
 80534 | Hell     | Killed Geryon
 80540 | Hell     | Gained mutation: Your body sometimes deteriorates upon
                  | taking damage. [a cacodemon]
 80549 | Depths:4 | Lost mutation: Your body sometimes deteriorates upon taking
                  | damage. [potion of mutation]
 80549 | Depths:4 | Lost mutation: You are strong-willed. (Will+) [potion of
                  | mutation]
 80549 | Depths:4 | Lost mutation: Your muscles are strong. (Str +4, Int/Dex
                  | -1) [potion of mutation]
 80549 | Depths:4 | Gained mutation: A frigid envelope surrounds you and
                  | freezes all who hurt you. [potion of mutation]
 80549 | Depths:4 | Gained mutation: Your mind is acute. (Int +4, Str/Dex -1)
                  | [potion of mutation]
 80624 | Hell     | Gained mutation: You can speak a Word of Chaos. [demonic
                  | ancestry]
 80624 | Hell     | Reached XP level 27. HP: 217/217 MP: 45/47
 80763 | Hell     | Found a gateway to the decaying netherworld of Tartarus.
 80795 | Hell     | Found a gateway to the freezing wastes of Cocytus.
 81200 | Hell     | Found a gateway to the ashen valley of Gehenna.
 81226 | Hell     | Found a gateway to the Iron City of Dis.
 81312 | Hell     | Learned a level 8 spell: Necromutation
 82202 | Coc:1    | Entered Level 1 of Cocytus
 82362 | Coc:2    | Paralysed by a wendigo for 1 turns
 83147 | Slime:1  | Entered Level 1 of the Pits of Slime
 83312 | Slime:5  | Entered Level 5 of the Pits of Slime
 83470 | Slime:5  | Noticed the Royal Jelly
 83490 | Slime:5  | HP: 3/207 [acid blob[the Royal Jelly] (14)]
 83490 | Slime:5  | Splashed by an acid blob's acid

Illustrated notes

Levels and vault maps discovered:
D:1:      giann_forest_graveyard, layout_basic, ebering_ecumenical_altar_mist,
          chequers_decorated_corner, chequers_serial_rivers_room_b
D:2:      layout_loops_corners, minmay_tetromino_t2, uniq_natasha
D:3:      layout_basic, nicolae_tso_besieged_by_evil, lemuel_tele_altar,
          cheibrodos_sewer_entry_drain, minmay_circle_x
D:4:      layout_basic, ashenzari_conservatory_becter,
          mainiacjoe_overflow_catwalk, fountainhead, minmay_bent, uniq_ijyb
D:5:      layout_basic, mainiacjoe_overflow_alcove_1, kennysheep_mini_moat
D:6:      kennysheep_windowed_halls, layout_loops_ring,
          mainiacjoe_overflow_alcove_4, minmay_temple_entry_overgrown,
          uniq_maggie, uniq_menkaure, uniq_duvessa
D:7:      layout_basic, gammafunk_temple_overflow_elements, demons_altar,
          st_stairs_14
D:8:      layout_gridville, lemuel_round_altar, dpeg_oklobed_lair, uniq_grum
D:9:      layout_layer_cave, minmay_checkerbox
D:10:     layout_basic
D:11:     layout_basic, hangedman_glass_teeth, kennysheep_generic_room_11
D:12:     layout_layer_cave, erik_orc_4, uniq_sonja, uniq_azrael, uniq_maurice,
          uniq_nessos
D:13:     layout_gridville, kennysheep_pointless_box, nrook_pool_corridor,
          nicolae_eternal_life, uniq_josephine
D:14:     layout_rooms, grunt_vaults_entry_tiered, nrook_campfire, serial_shops,
          shop, uniq_rupert
D:15:     grunt_enter_depths_hoard, layout_irregular_city,
          chequers_serial_rivers_micro_d
Lair:1:   layout_chaotic_city
Lair:2:   layout_loops_ring, grunt_forest_small_clearing_treed
Lair:3:   layout_layer_cave, palyth_hydra_swamp_entry,
          nicolae_spider_entry_orb_guardian, minmay_shattered_shrine,
          lemuel_fruit_fields
Lair:4:   layout_gridlike, slime_entry_1, serial_bayou_shore_b,
          lemuel_fruit_tree, grunt_megastairs_2, infiniplex_staircase_pool_2
Lair:5:   gammafunk_lair_ancient_temple, layout_regular_city
Swamp:1:  layout_falls_marsh, evilmike_swamp_ruin_rubble_2, swamp_pool1,
          kb_tengu_band
Swamp:2:  layout_falls_marsh, evilmike_swamp_ruin_wall,
          infiniplex_staircase_pool
Swamp:3:  layout_basic_swamp, gammafunk_ghost_mausoleum, nicolae_swamp_godswood,
          uniq_nikola
Swamp:4:  swamp, layout_basic_swamp, swamp_pool2
Spider:1: layout_chambers, hangedman_spider_tarantella_strand
Spider:2: layout_spider_delve, uniq_asterion
Spider:3: layout_cave_pods, nicolae_spider_nooks_and_crannies, uniq_roxanne,
          uniq_mlioglotl
Spider:4: johnstein_spider_rune_arachne_lair
Slime:1:  layout_caves
Slime:2:  layout_caves
Slime:3:  layout_caves
Slime:4:  cheibrodos_slime_lost_civilization_9, layout_caves
Slime:5
Orc:1:    layout_caves, basic_altar, mines3_lemuel, uniq_erolcha, uniq_jorgrun
Orc:2:    st_orc_town, layout_diamond_mine, basic_altar
Elf:1:    nicolae_elf_arrival_no_cutting_in_line, layout_geoelf_grid,
          serial_shops, bzr_entry_lakeside, minmay_elf_sorcery, uniq_agnes
Elf:2:    elven_hall_of_blades_hangedman_original
          [nicolae_blade_entry_hurt_lockers], layout_rooms,
          portal_ice_cave_entry_ice_simulacra, nicolae_elf_shapeshifter_party
Elf:3:    minmay_elf_hall_dome, layout_onion_city,
          gammafunk_ghost_wrathful_warriors, serial_shops,
          nicolae_lakefront_shop, uniq_mara
Vaults:1: hellmonk_ghost_big_iron, vaults_dpeg_doors, vaults_dpeg_diagonal,
          v_misc_32, vaults_room_corners, v_misc_11, v_pattern_1,
          hangedman_vaults_stretched_pinwheel, v_misc_10,
          ontoclasm_vaults_shuriken, vaults_room_hallway,
          layout_vaults_quadrants
Vaults:2: portal_desolation_entry_garden, v_rooms_2, v_misc_15, v_alt_pattern_1,
          minmay_crypt_entry_vampire_xt, hangedman_vaults_slice, v_misc_27,
          v_alt_pattern_5, vaults_mumra_lcd, nicolae_vaults_circle_grid_b,
          hangedman_vaults_stream, v_alt_pattern_6, dpeg_vaults_hating_casters,
          hangedman_vaults_impose, nicolae_vaults_shelves_hall,
          vaults_dpeg_encased_lava, layout_vaults_ring, serial_shops,
          nicolae_shop_bloodbath_and_beyond, uniq_sojobo
Vaults:3: ontoclasm_vaults_chip, v_misc_22, v_pattern_4,
          nicolae_vaults_good_morning_starshine, v_misc_10,
          hangedman_vaults_river_flow, nicolae_vaults_sealed_display,
          hangedman_vaults_stagger, nicolae_vaults_asterisk,
          nicolae_vaults_asterisk, nicolae_vaults_angled_halls,
          nicolae_vaults_little_squares_4, vaults_room_ringed_pool,
          layout_vaults_maze, serial_shops, shop,
          nicolae_shop_temple_entry_statues_fountains, shop, shop, shop,
          serial_glass
Vaults:4: nicolae_vaults_little_squares_1, grunt_vaults_swirl,
          vaults_room_door_ring, vaults_room_pool, ontoclasm_vaults_eye,
          vaults_standard_mumra_enter_the_diamond, v_misc_12,
          hangedman_vaults_stretched_pinwheel, v_misc_13,
          nicolae_vaults_what_the_h, hangedman_vaults_slice, v_alt_pattern_1,
          ontoclasm_vaults_gateway, vaults_room_stairs_pillars,
          layout_vaults_omnicross
Vaults:5: serial_shops, uniq_margery
Crypt:1:  grunt_deathspiral_small, layout_gridlike, uniq_saint_roka
Crypt:2:  layout_misc_corridors, mu_enter_wizlab_5, hangedman_crypt_dual_shrines
Crypt:3:  grunt_crypt_end_deaths_head
Depths:1: layout_twisted_cross, enter_ziggurat_f, lightli_too_deep, bloody_trog,
          corexii_corridor_pit, minivault_16, nemelex_lonely_heart_becter,
          minmay_shop_star
Depths:2: hangedman_elemental_death_ray, layout_small_grid,
          minmay_misc_feat_five, pan_entry, hell_entry, uniq_aizul
Depths:3: grunt_twist_and_shout, layout_long_grid,
          hangedman_decor_diamond_cutter, hell_entry,
          abyss_entry_small_statue_room, uniq_frederick, uniq_parghit
Depths:4: evilmike_zot_entry_argh, layout_gridlike, hell_entry,
          nicolae_keep_em_comin
Hell
Coc:1:    nicolae_coc_on_the_berg
Coc:2:    layout_ice_bergs
Coc:3:    layout_cocytus_water_paths
Zot:1:    layout_gridlike, grunt_megastairs_4
Zot:2:    layout_concentric_octagons, basic_altar
Zot:3:    hangedman_zot_vaults_quadrants, layout_concentric_octagons,
          st_stairs_9
Zot:4:    layout_cathedral_of_symmetry
Zot:5:    layout_gridville, st_stairs_4, lemuel_golem_globe

Skill      XL: |  1  2  3  4  5  6  7  8  9 10 11 12 13 14 15 16 17 18 19 20 21 22 23 24 25 26 27 |
---------------+----------------------------------------------------------------------------------+-----
Fighting       | 1 2 3 4 6 8 9 10 11 12 13 14 15 16 17 18 | 18.2
Earth Magic    | 3 4 5 6 8 9 10 11 12 13 14 15 16 17 18 19 | 19.0
Armour         | 1 2 3 6 8 9 10 11 12 13 14 | 14.9
Spellcasting   | 3 4 5 6 7 8 9 10 11 12 13 14 15 17 18 19 20 | 20.6
Stealth        | 2 3 4 5 6 8 9 |  9.0
Dodging        | 2 3 5 6 7 8 9 |  9.0
Conjurations   | 1 2 4 5 7 8 9 10 11 12 13 14 15 16 17 18 | 18.0
Shields        | 3 5 6 7 8 9 10 11 12 13 14 | 14.9
Air Magic      | 2 5 6 |  6.0
Transmutations | 2 3 4 5 6 7 9 10 11 12 | 12.5
Poison Magic   | 2 3 4 6 |  6.0
Fire Magic     | 3 |  3.9
Evocations     | 3 4 5 6 8 9 |  9.0
Ice Magic      | 4 6 |  6.0
Necromancy     | 5 8 9 10 11 13 | 13.8
Throwing       | 2 3 |  3.0
Translocations | 3 |  3.0

Action                   |  1- 3 |  4- 6 |  7- 9 | 10-12 | 13-15 | 16-18 | 19-21 | 22-24 | 25-27 || total
-------------------------+-------+-------+-------+-------+-------+-------+-------+-------+-------++-------
Melee: Dagger            |    10 |   156 |    24 |    16 |   133 |   313 |   461 |    32 |       ||  1145
       Punch             |       |     2 |     1 |       |       |       |       |       |       ||     3
       Trident           |       |       |    92 |    20 |       |       |       |       |       ||   112
       Scimitar          |       |       |       |       |       |    53 |       |       |       ||    53
       Demon blade       |       |       |       |       |       |       |       |   428 |   260 ||   688
       Rapier            |       |       |       |       |       |       |       |   112 |     9 ||   121
 Cast: Sandblast         |    54 |    82 |    72 |    73 |   172 |    63 |       |       |       ||   516
       Stone Arrow       |       |     1 |    44 |   111 |   375 |   147 |    18 |     6 |     4 ||   706
       Passwall          |       |       |     3 |     1 |     3 |     5 |     6 |     2 |     4 ||    24
       Olgreb's Toxic Ra |       |       |       |       |    76 |    55 |    51 |    48 |       ||   230
       Ignite Poison     |       |       |       |       |    38 |    36 |    31 |    30 |       ||   135
       Static Discharge  |       |       |       |       |    12 |       |       |       |       ||    12
       Mephitic Cloud    |       |       |       |       |     6 |    30 |    21 |     6 |     4 ||    67
       Freezing Cloud    |       |       |       |       |     7 |    51 |    39 |    29 |    54 ||   180
       Irradiate         |       |       |       |       |     1 |     5 |     2 |     8 |     5 ||    21
       Iron Shot         |       |       |       |       |       |   169 |   209 |   230 |   217 ||   825
       Borgnjor's Vile C |       |       |       |       |       |   234 |   294 |   286 |   210 ||  1024
       Statue Form       |       |       |       |       |       |       |    17 |    46 |    31 ||    94
       Iskenderun's Myst |       |       |       |       |       |       |       |    65 |    23 ||    88
       Shatter           |       |       |       |       |       |       |       |    19 |    70 ||    89
       Lehudib's Crystal |       |       |       |       |       |       |       |       |     5 ||     5
       Necromutation     |       |       |       |       |       |       |       |       |     7 ||     7
 Abil: End Transformatio |       |       |       |       |       |       |     8 |    10 |     7 ||    25
Evoke: Wand              |       |       |       |     1 |    10 |     3 |     1 |     1 |     1 ||    17
  Use: Scroll            |       |       |     4 |     9 |    22 |    11 |    11 |    15 |    11 ||    83
       Potion            |       |       |       |     2 |       |     3 |    13 |     6 |     4 ||    28
 Stab: Sleeping          |       |     1 |     3 |       |     2 |     2 |     2 |     1 |       ||    11
       Distracted        |       |       |     2 |       |       |       |       |       |       ||     2
       Paralysed         |       |       |       |     9 |    57 |    96 |   126 |    86 |    58 ||   432
       Confused          |       |       |       |       |     3 |     2 |     4 |     2 |       ||    11
       Invisible         |       |       |       |       |       |     4 |     2 |       |       ||     6
       Held in net/web   |       |       |       |       |       |     2 |       |       |     1 ||     3
Armor: Robe              |     8 |       |       |       |       |       |    80 |   159 |    47 ||   294
       Ring mail         |       |   100 |    86 |       |       |       |       |       |       ||   186
       Steam dragon scal |       |       |    19 |    32 |   152 |   343 |    83 |       |       ||   629
       Skin              |       |       |       |       |       |       |   126 |   598 |   199 ||   923
       Quicksilver drago |       |       |       |       |       |       |       |       |   192 ||   192
Dodge: Dodged            |    21 |   130 |   162 |    47 |   146 |   341 |   354 |   910 |   421 ||  2532
Block: Buckler           |       |       |    37 |    33 |   195 |   378 |   487 |  1094 |   542 ||  2766
       Reflection        |       |       |       |       |    11 |    15 |    50 |    32 |    18 ||   126
